 Dungeon Crawl Stone Soup version 0.25-a0-577-ga4619f409e (webtiles) character file.

Game seed: 12706366357397918132, levelgen mode: deterministic

63 Flugslaktarn the Skirmisher (level 3, -2/33 HPs)
             Began as a Minotaur Fighter on Mar 3, 2020.
             Slain by a gnoll
             ... wielding a +0 spear
              (5 damage)
             ... on level 3 of the Dungeon.
             The game lasted 00:00:22 (514 turns).

Flugslaktarn the Skirmisher (Minotaur Fighter)       Turns: 514, Time: 00:00:23

Health: -2/33      AC:  9    Str: 21    XL:     3   Next: 89%
Magic:  2/2        EV:  5    Int:  5    God:
Gold:   56         SH:  9    Dex:  9    Spells: 2/2 levels left

rFire    . . .     SeeInvis .   a - +0 war axe
rCold    . . .     Gourm    .   c - +0 kite shield
rNeg     . . .     Faith    .   k - +0 chain mail
rPois    .         Spirit   .   (helmet restricted)
rElec    .         Reflect  .   (no cloak)
rCorr    .         Harm     .   (no gloves)
MR       .....                  (no boots)
Stlth    ..........             (no amulet)
HPRegen  0.11/turn              (no ring)
MPRegen  0.08/turn              (no ring)

@: no status effects
A: retaliatory headbutt, horns 2
a: no special abilities


You were on level 3 of the Dungeon.
You were not hungry.

You visited 1 branch of the dungeon, and saw 3 of its levels.

You collected 56 gold pieces.

Inventory:

Hand Weapons
 a - a +0 war axe (weapon)
Missiles
 m - 2 throwing nets (quivered)
Armour
 b - a +0 scale mail
 c - a +0 kite shield (worn)
 k - a +0 chain mail (worn)
   (You found it on level 3 of the Dungeon)
Scrolls
 g - a scroll of immolation {unknown}
 i - a scroll of identify {unknown}
 j - a scroll of amnesia {unknown}
 l - a scroll of remove curse {unknown}
Potions
 d - 2 potions of might
 f - a potion of berserk rage {unknown}
Comestibles
 e - 3 rations
 h - 2 chunks of flesh


   Skills:
 + Level 4.1 Fighting
 * Level 3.7 Axes
 + Level 4.1 Armour
 + Level 4.1 Shields


You had 2 spell levels left.
You didn't know any spells.
Your spell library was empty.

Dungeon Overview and Level Annotations

Branches:
Dungeon (3/15)

Altars:
Yredelemnul


Innate Abilities, Weirdness & Mutations

You reflexively headbutt those who attack you in melee.
You have a pair of horns on your head.


Message History

* * * LOW HITPOINT WARNING * * *
You hit the gnoll.
The gnoll is severely wounded.
You block the gnoll's attack. x2
You barely miss the gnoll.
The gnoll is severely wounded.
The gnoll hits you with a cursed -1 whip.
* * * LOW HITPOINT WARNING * * *
You hit the gnoll.
You kill the gnoll!
Things that are here:
a cursed -1 whip; a +0 halberd; a gnoll corpse You start resting.
A gnoll comes into view. It is wielding a +0 spear.
A gnoll is nearby!
You are too injured to fight recklessly!
The gnoll shouts!
The gnoll barely misses you. The gnoll hits you with a +0 spear.
You die...

......###.
#............#
.)<......#
#............#
###........
#............# #
#.#######
#............# #
#.#
######...........#
#.#
#.)).'...........#
#.#
#.####...........#
... #.#
############# ##
#@# #g....#
#.##### #.# #.#
..# ###


You could see a gnoll.

Vanquished Creatures
  3 gnolls (D:3)
  2 adders
  A dart slug (D:1)
  3 giant cockroaches
  2 hobgoblins (D:2)
  A bat (D:1)
  A frilled lizard (D:2)
  A goblin (D:2)
  3 kobolds
  A rat (D:2)
18 creatures vanquished.

Notes
Turn   | Place    | Note
-------+----------+-------------------------------------------
     0 | D:1      | Flugslaktarn the Minotaur Fighter began the quest for the
                  | Orb.
     0 | D:1      | Reached XP level 1. HP: 19/19 MP: 0/0
   190 | D:2      | Reached XP level 2. HP: 27/27 MP: 1/1
   322 | D:3      | Reached XP level 3. HP: 26/33 MP: 2/2
   417 | D:3      | Found a basalt altar of Yredelemnul.
   514 | D:3      | Slain by a gnoll

Levels and vault maps discovered:
D:1:      zelgadis_glass_arrival_small, layout_basic
D:2:      layout_loops_ring
D:3:      layout_basic, nicolae_overflow_crystal_walls,
          nicolae_overflow_hidden_temple, nicolae_ru_path_of_blood

Skill      XL: |  1  2 |
---------------+-------+-----
Axes           | 3 |  3.7
Fighting       | 4 |  4.1
Armour         | 4 |  4.1
Shields        | 4 |  4.1

Action                   || total
-------------------------++-------
Melee: War axe           ||    54
       Headbutt          ||     1
Armor: Scale mail        ||    13
       Chain mail        ||    11
Dodge: Dodged            ||    20
Block: Kite shield       ||    28

Table legend:
 A = Non-vault XP
 B = Vault XP
 C = Vault XP percentage of total XP
 D = Non-vault monster count
 E = Vault monster count
 F = Vault count percentage of total count
                 A         B        C        D         E       F
            +---------+---------+-------+---------+---------+-------
      Total |      91 |       0 |   0.0 |      18 |       0 |   0.0
            +---------+---------+-------+---------+---------+-------
        D:1 |       6 |       0 |   0.0 |       3 |       0 |   0.0
        D:2 |      23 |       0 |   0.0 |       8 |       0 |   0.0
        D:3 |      62 |       0 |   0.0 |       7 |       0 |   0.0
            +---------+---------+-------+---------+---------+-------
